 Dungeon Crawl Stone Soup version 0.30-a0-358-g0d69a1922f (webtiles) character file.

Game seed: 15646630549257031882

7203 flotson the Trooper (level 10, -3/79 HPs)
             Began as a Demonspawn Delver on Nov 8, 2022.
             Was an Initiate of Gozag.
             Slain by an ogre
             ... wielding a +0 giant club
              (12 damage)
             ... on level 3 of the Abyss.
             The game lasted 00:19:59 (10817 turns).

flotson the Trooper (Demonspawn Delver)            Turns: 10817, Time: 00:19:59

Health: -3/79      AC: 15    Str: 16    XL:     10   Next: 87%
Magic:  10/10      EV: 14    Int: 12    God:    Gozag
Gold:   1412       SH: 14    Dex: 15    Spells: 9/9 levels left

rFire   + . .      SeeInvis .    V - +0 war axe (freeze)
rCold   . . .      Faith    .    b - +0 kite shield
rNeg    . . .      Spirit   .    G - +0 scale mail
rPois   .          Reflect  +    z - +0 helmet
rElec   .          Harm     .    (cloak unavailable)
rCorr   .          Rampage  .    M - +0 pair of gloves
Will    .....                    H - +1 pair of boots
Stlth   +.........               i - amulet of reflection
HPRegen 0.33/turn                d - +4 ring of evasion
MPRegen 0.12/turn                L - ring of protection from fire

@: gold aura
A: slimy green scales 2, weakness stinger 3
a: Renounce Religion, Potion Petition, Call Merchant, Bribe Branch


You were on level 3 of the Abyss.
You worshipped Gozag.
Gozag was most pleased with you.
You visited 3 branches of the dungeon, and saw 12 of its levels.
You visited the Abyss 1 time.
You also visited: Sewer.

You collected 1475 gold pieces.
You paid 63 gold pieces to Gozag.

Inventory:

Hand Weapons
 a - the +7 falchion of Impituso {vorpal, Dex+7}
   (You found it on level 4 of the Dungeon)

   It inflicts extra damage upon your enemies.
   Dex:       It affects your dexterity (+7).
 h - a +0 spear of distortion
 V - a +0 war axe of freezing (weapon)
Missiles
 D - an atropa-tipped dart
 J - 7 boomerangs (quivered)
 K - 24 poisoned darts
 Q - a throwing net
 R - a curare-tipped dart
 U - 2 javelins
Armour
 b - a +0 kite shield (worn)
 z - a +0 helmet (worn)
 G - a +0 scale mail (worn)
 H - a +1 pair of boots (worn)
 M - a +0 pair of gloves (worn)
Jewellery
 d - a +4 ring of evasion (left hand)
 i - an amulet of reflection (around neck)
 L - a ring of protection from fire (right hand)
Wands
 g - a wand of digging (7)
 P - a wand of iceblast (5)
 T - a wand of flame (1)
Scrolls
 c - 2 scrolls of fog
 f - 4 scrolls of teleportation {unknown}
 k - 4 scrolls of blinking
 n - a scroll of silence {unknown}
 r - 3 scrolls of amnesia {unknown}
 t - 8 scrolls of enchant weapon {unknown}
 u - a scroll of noise {unknown}
 w - 11 scrolls of identify {unknown}
 x - 2 scrolls of immolation {unknown}
 y - 2 scrolls of enchant armour {unknown}
 F - 2 scrolls of brand weapon {unknown}
 N - a scroll of vulnerability {unknown}
 O - a scroll of magic mapping
Potions
 e - 2 potions of flight {unknown}
 j - 7 potions of curing
 l - 4 potions of haste
 m - 2 potions of lignification {unknown}
 o - a potion of degeneration {unknown}
 p - a potion of experience {unknown}
 q - 2 potions of mutation {unknown}
 s - 3 potions of resistance {unknown}
 v - 6 potions of heal wounds {unknown}
 A - a potion of invisibility {unknown}
 B - 2 potions of cancellation {unknown}
 C - 4 potions of attraction {unknown}
 E - 2 potions of brilliance {unknown}
 I - a potion of magic {unknown}
 S - a potion of might {unknown}


   Skills:
 + Level 7.2 Fighting
 + Level 1.7(3.9) Axes
 - Level 5.5(5.7) Polearms
 + Level 5.1 Throwing
 + Level 5.9 Armour
 + Level 6.3 Dodging
 - Level 4.5 Stealth
 + Level 5.0 Shields
 + Level 6.6 Evocations


You had 9 spell levels left.
You didn't know any spells.
Your spell library contained the following spells:

 Spells                   Type           Power      Damage    Failure   Level
 Freeze                   Ice            0%         1d3       97%         1
 Ensorcelled Hibernation  Hex/Ice        0%         N/A       99%         2
 Passwall                 Tmut/Erth      0%         N/A       99%         2
 Dazzling Flash           Conj/Hex       0%         N/A       100%        3
 Gell's Gravitas          Tloc           0%         N/A       100%        3
 Kindle Blastsparks       Fire/Tloc/Air  0%         2d10      100%        3
 Lesser Beckoning         Tloc           0%         N/A       100%        3
 Ozocubu's Armour         Ice            0%         N/A       100%        3
 Stone Arrow              Conj/Erth      0%         3d7       100%        3
 Swiftness                Air            0%         N/A       100%        3
 Teleport Other           Tloc           0%         N/A       100%        3
 Animate Armour           Summ/Erth      0%         N/A       100%        4
 Cause Fear               Hex            0%         N/A       100%        4
 Fulminant Prism          Conj/Hex       0%         3d5       100%        4
 Iskenderun's Mystic Bla  Conj/Tloc      0%         2d3       100%        4
 Lee's Rapid Deconstruct  Erth           0%         3d4*      100%        5
 Ozocubu's Refrigeration  Ice            0%         4d7       100%        7
 Lehudib's Crystal Spear  Conj/Erth      0%         10d2      100%        8


Dungeon Overview and Level Annotations

Branches:
Dungeon (10/15)            Temple (1/1) D:5            Lair (1/5) D:8
  Sewer (visited)
    Orc: D:9-12

Altars:
Ashenzari
Cheibriados
Dithmenos
Fedhas
Gozag
Hepliaklqana
Kikubaaqudgha
Makhleb
Nemelex Xobeh
Okawaru
Qazlal
Ru
Sif Muna
Trog
Uskayaw
Vehumet
Wu Jian
Xom
Yredelemnul

Shops:
D:3 *   D:7 :

Portals:
Abyss: D:3

Annotations:
D:3 2 transporters, drewk1942's ghost, amateur DsTm
D:8 2 transporters, bande's ghost, novice GrFi


Innate Abilities, Weirdness & Mutations

You are mostly covered in slimy green scales. (AC +3)
You have a sharp stinger which inflicts weakening toxins.


Message History

The komodo dragon bites you!
Unknown command.
You slash the komodo dragon!
The komodo dragon seems to slow down.
You freeze the komodo dragon.
The komodo dragon is almost dead.
You hit the ogre but do no damage. You block the ogre's attack.
The komodo dragon closely misses you.
Unknown command.
You barely miss the komodo dragon.
The komodo dragon is almost dead.
You barely miss the ogre. The ogre hits you with a +0 giant club!
You block the komodo dragon's attack.
Unknown command.
You hit the komodo dragon. You freeze the komodo dragon.
The komodo dragon is almost dead.
You hit the ogre but do no damage. The ogre closely misses you.
You block the komodo dragon's attack.
Unknown command.
You hit the komodo dragon but do no damage.
The komodo dragon is almost dead.
You hit the ogre. You freeze the ogre. You block the ogre's attack.
The komodo dragon bites you!!
* * * LOW HITPOINT WARNING * * *
Unknown command.
You are too injured to fight recklessly!
Unknown command.
You are too injured to fight recklessly!
You hit the komodo dragon but do no damage.
You tail-slap the komodo dragon, but do no damage.
The komodo dragon is almost dead.
You completely miss the ogre. The komodo dragon closely misses you.
The ogre hits you with a +0 giant club!
* * * LOW HITPOINT WARNING * * *
Unknown command.
You slash the komodo dragon!
The komodo dragon seems to slow down.
You freeze the komodo dragon.
You kill the komodo dragon!
You hit the ogre but do no damage. The ogre hits you with a +0 giant club!
You die...
Your body crumbles into a pile of gold.

..##......#
##..........
...........
####..........
##.............
...............
......#.....#..
##.@$.....#
#.O#...#...
#####..# #
....#.# #....##
#.. ##...# . #.
## . #..# ...


You could see an ogre.

Vanquished Creatures
  A two-headed ogre (D:9)
  A gargoyle (D:7)
  A komodo dragon (Abyss:3)
  2 hornets
  2 wraiths (D:10)
  2 wyverns
  A basilisk (Lair:1)
  Grum (D:9)
  4 steam dragons
  3 water moccasins
  2 black bears
  An orc warrior (D:7)
  An ogre (D:6)
  2 wolves (D:9)
  3 centaurs
  A phantom (D:7)
  2 kobold brigands
  3 bullfrogs
  4 necrophages
  A gnoll sergeant (Temple)
  3 scorpions
  5 killer bees (D:9)
  A howler monkey (D:8)
  4 electric eels (D:10)
  3 jellies (Sewer)
  6 orc priests
  A gnoll bouda (D:4)
  2 hounds (D:5)
  5 orc wizards
  Robin (D:3)
  12 gnolls
  7 adders
  A river rat (D:6)
  3 shadow imps
  3 white imps
  A worm (D:3)
  4 dart slugs
  21 orcs
  4 bats
  10 endoplasms
  9 giant cockroaches
  16 goblins
  9 hobgoblins
  4 jackals
  4 quokkas
  14 ball pythons
  5 frilled lizards
  35 kobolds
  9 rats
240 creatures vanquished.

Vanquished Creatures (others)
  An orc wizard (D:7)
  19 plants
20 creatures vanquished.

Grand Total: 260 creatures vanquished

Notes
Turn   | Place    | Note
-------+----------+-------------------------------------------
     0 | D:5      | flotson the Demonspawn Delver began the quest for the Orb.
     0 | D:5      | Reached XP level 1. HP: 18/18 MP: 1/1
    46 | D:4      | Gained mutation: You are partially covered in slimy green
                  | scales. (AC +2) [demonic ancestry]
    46 | D:4      | Reached XP level 2. HP: 20/24 MP: 2/2
    78 | D:3      | Found Ycwiric's Assorted Antiques.
    96 | D:3      | Noticed a small abomination
   144 | D:2      | Reached skill level 1 in Evocations
   220 | D:2      | Reached skill level 1 in Armour
   224 | D:2      | Reached XP level 3. HP: 17/29 MP: 3/3
   602 | D:1      | Found a faded altar of an unknown god.
   797 | D:1      | HP: 1/29 [gnoll/+0 flail (10)]
  1245 | D:1      | Found a faded altar of an unknown god.
  1751 | D:2      | Gained mutation: You are mostly covered in slimy green
                  | scales. (AC +3) [demonic ancestry]
  1751 | D:2      | Reached XP level 4. HP: 35/35 MP: 4/4
  1896 | D:3      | Noticed Robin
  2036 | D:3      | Found a transporter.
  2221 | D:3      | Found a one-way gate to the infinite horrors of the Abyss.
  2221 | D:3      | Noticed drewk1942's ghost (amateur DsTm)
  2303 | D:3      | Got the Catalogue of Firn and Hexes
  2343 | D:3      | Killed Robin
  2453 | D:3      | Gained mutation: You have a small tail. [demonic ancestry]
  2453 | D:3      | Reached XP level 5. HP: 29/42 MP: 5/5
  2569 | D:3      | Found a transporter.
  3132 | D:4      | Reached skill level 4 in Fighting
  3147 | D:4      | Identified the +7 falchion of Impituso {vorpal, Dex+7}
  3304 | D:4      | Reached skill level 1 in Polearms
  3458 | D:4      | Reached XP level 6. HP: 30/48 MP: 6/6
  4041 | D:5      | Identified the +1 robe "Othru" {rElec Int+7 Slay-3}
  4080 | D:5      | Gained mutation: You have a tail ending in a sharp stinger.
                  | [demonic ancestry]
  4080 | D:5      | Reached XP level 7. HP: 55/55 MP: 7/7
  4161 | D:5      | Reached skill level 1 in Throwing
  4336 | D:5      | Found a staircase to the Ecumenical Temple.
  4345 | Temple   | Entered the Ecumenical Temple
  4349 | Temple   | Became a worshipper of Gozag Ym Sagoz the Greedy
  4764 | D:6      | Reached skill level 5 in Fighting
  4764 | D:6      | Reached skill level 1 in Shields
  4764 | D:6      | Reached XP level 8. HP: 62/62 MP: 8/8
  4834 | D:6      | Found a glowing drain.
  4863 | Sewer    | Entered a sewer
  5095 | Sewer    | Found a viscous altar of Jiyva.
  5277 | D:6      | Found a hide-covered altar of Uskayaw.
  5281 | D:6      | Found a bloodstained altar of Trog.
  6318 | D:7      | Found Qoroapp's Book Boutique.
  6343 | D:7      | Gained mutation: You have a sharp stinger which inflicts
                  | weakening toxins. [demonic ancestry]
  6343 | D:7      | Reached XP level 9. HP: 61/68 MP: 9/9
  6595 | D:7      | Reached skill level 5 in Evocations
  6659 | D:7      | Reached skill level 5 in Dodging
  6958 | D:7      | Noticed a gargoyle
  6965 | D:7      | Killed a gargoyle
  6966 | D:7      | Reached skill level 6 in Fighting
  7246 | D:8      | Found a transporter.
  7254 | D:8      | Found a transporter.
  7294 | D:8      | Reached skill level 5 in Armour
  7377 | D:8      | Noticed a cyclops
  7384 | D:8      | Noticed bande's ghost (novice GrFi)
  7384 | D:8      | Noticed a six-headed hydra
  7696 | D:8      | Found a staircase to the Lair.
  7814 | D:9      | Noticed Grum
  7823 | D:9      | Reached XP level 10. HP: 46/77 MP: 10/10
  7831 | D:9      | Killed Grum
  7952 | D:9      | Noticed a two-headed ogre
  7966 | D:9      | Killed a two-headed ogre
  8317 | D:9      | Found a shimmering blue altar of Sif Muna.
  8334 | D:9      | Reached skill level 5 in Polearms
  8518 | D:9      | Paralysed by a hornet for 2 turns
  8892 | D:9      | Found a hazy altar of Hepliaklqana.
  9088 | D:10     | Entered Level 10 of the Dungeon
  9152 | D:10     | Reached skill level 7 in Fighting
  9796 | D:10     | Reached skill level 5 in Throwing
 10522 | Lair:1   | Entered Level 1 of the Lair of Beasts
 10648 | Lair:1   | Reached skill level 5 in Shields
 10796 | Abyss:3  | Cast into level 3 of the Abyss (unwielding a weapon of
                  | distortion)
 10817 | Abyss:3  | Slain by an ogre

Illustrated notes

Levels and vault maps discovered:
D:1:      dpeg_arrival_arbitrary_a, layout_rooms,
          hellmonk_ecumenical_altar_crossroads, serial_bayou_lake_a
D:2:      layout_rooms, minmay_tetromino_t4
D:3:      layout_rooms, serial_shops, nicolae_shop_hallway_stairs,
          gammafunk_ghost_abyssal_escape, hangedman_feature_mirror, uniq_robin
D:4:      layout_basic, nicolae_elyvilon_temple_path, dk_vineyard_1
D:5:      layout_loops_ring, minmay_temple_entry_waves, columned_hall_lemuel
D:6:      kennysheep_kobold_camp, layout_cave_pods, minitemple,
          gup_sewer_entry_bubbles, hex_medium
D:7:      layout_basic, serial_shops, shop
D:8:      layout_loops_ring, lair_entry_dummy, nzn_ghost_randoct, st_stairs_3
D:9:      layout_basic, old_standard_altar, nicolae_hepliaklqana_hippocampus,
          uniq_grum
D:10:     layout_basic, serial_glass, glass_columns_b, glass_columns_a
Temple:   sentei_temple_godly_chess
Lair:1:   lemuel_ratsnest, layout_loops_ring
Abyss:3:  base: D:6, evilmike_abyss_exit_kraken

Skill      XL: |  1  2  3  4  5  6  7  8  9 10 |
---------------+-------------------------------+-----
Dodging        | 2 3 4 5 6 |  6.3
Evocations     | 1 2 3 4 5 6 |  6.6
Armour         | 1 2 3 4 5 |  5.9
Fighting       | 4 5 6 7 |  7.2
Polearms       | 1 2 3 4 5 |  5.5
Throwing       | 1 3 4 5 |  5.1
Shields        | 1 2 3 5 |  5.0
Axes           | |  1.7
Stealth        | |  4.5

Action                   |  1- 3 |  4- 6 |  7- 9 | 10-12 || total
-------------------------+-------+-------+-------+-------++-------
Melee: Hand axe          |   134 |       |       |       ||   134
       Punch             |     1 |     1 |       |       ||     2
       Flail             |    14 |    19 |       |       ||    33
       Spear             |       |   173 |   400 |   193 ||   766
       War axe           |       |     9 |       |    14 ||    23
       Tailslap          |       |    13 |    33 |    23 ||    69
Throw: Dart              |       |       |     5 |     2 ||     7
       Boomerang         |       |       |       |     6 ||     6
Evoke: Wand              |     1 |     3 |     1 |     3 ||     8
  Use: Potion            |     1 |       |       |     1 ||     2
       Scroll            |     1 |     1 |     1 |       ||     3
 Stab: Sleeping          |     9 |     1 |     4 |     1 ||    15
       Distracted        |     1 |     1 |     1 |     2 ||     5
Armor: Leather armour    |    30 |       |       |       ||    30
       Ring mail         |    46 |    93 |    18 |       ||   157
       Scale mail        |       |       |    90 |    28 ||   118
Dodge: Dodged            |    91 |   143 |   139 |    65 ||   438
Block: Kite shield       |       |       |   110 |    99 ||   209
       Reflection        |       |       |       |    12 ||    12

Table legend: (Time is in decaauts)
 A = Elapsed time spent in this place.
 B = Non-inter-level travel time spent in this place.
 C = Inter-level travel time spent in this place.
 D = Time resting spent in this place.
 E = Time spent auto-exploring this place.
 F = Levels seen in this place.
 G = Mean time per level.
                   A        B        C        D        E       F      G
               +--------+--------+--------+--------+--------+-----+--------+
         Total |  11007 |  10430 |    577 |    749 |   7142 |  14 |  786.2 |
       Dungeon |  10148 |   9576 |    572 |    629 |   6705 |  10 | 1014.8 |
        Temple |    172 |    168 |      4 |    120 |      0 |   1 |  172.0 |
          Lair |    275 |    275 |      0 |      0 |    189 |   1 |  275.0 |
         Abyss |     26 |     26 |      0 |      0 |      4 |   1 |   26.0 |
         Sewer |    384 |    384 |      0 |      0 |    244 |   1 |  384.0 |
               +--------+--------+--------+--------+--------+-----+--------+

Top non-repeatable levels by time:
    D:10: 1365 daAuts
     D:9: 1356 daAuts
     D:6: 1258 daAuts
     D:1: 1218 daAuts
     D:4: 948 daAuts
     D:3: 912 daAuts
     D:7: 821 daAuts
     D:2: 796 daAuts
     D:5: 743 daAuts
     D:8: 727 daAuts
   Sewer: 384 daAuts
  Lair:1: 275 daAuts
  Temple: 172 daAuts
 Abyss:3: 26 daAuts
